 Dungeon Crawl Stone Soup version 0.28-a0-667-g162e43154e (webtiles) character file.

Game seed: 4774030243743348838

61 Lekart the Skirmisher (level 3, -5/31 HPs)
             Began as a Draconian Fighter on Oct 17, 2021.
             Was a Follower of Uskayaw.
             Slain by Natasha (6 damage)
             ... on level 3 of the Dungeon.
             The game lasted 00:04:23 (1581 turns).

Lekart the Skirmisher (Draconian Fighter)           Turns: 1581, Time: 00:04:24

Health: -5/31      AC:  7    Str: 19    XL:     3   Next: 83%
Magic:  3/3        EV: 12    Int:  8    God:    Uskayaw [*.....]
Gold:   43         SH:  4    Dex: 10    Spells: 2/2 levels left

rFire   . . .      SeeInvis .   a - +0 long sword
rCold   . . .      Faith    .   b - +0 buckler
rNeg    . . .      Spirit   .   (armour unavailable)
rPois   .          Reflect  .   (helmet restricted)
rElec   .          Harm     .   h - +0 cloak
rCorr   .          Rampage  .   i - +0 pair of gloves
Will    .....                   (no boots)
Stlth   +.........              (no amulet)
HPRegen 0.10/turn               (no ring)
MPRegen 0.08/turn               (no ring)

@: no status effects
A: AC +5, unfitting armour, cold-blooded
a: Renounce Religion, Stomp


You were on level 3 of the Dungeon.
You worshipped Uskayaw.
Uskayaw was noncommittal.
You visited 1 branch of the dungeon, and saw 3 of its levels.

You collected 43 gold pieces.

Inventory:

Hand Weapons
 a - a +0 long sword (weapon)
Missiles
 j - 32 poisoned darts (quivered)
Armour
 b - a +0 buckler (worn)
 h - a +0 cloak (worn)
 i - a +0 pair of gloves (worn)
Wands
 k - a wand of digging (4)
Scrolls
 d - a scroll of amnesia {unknown}
 e - a scroll of fog {unknown}
 f - a scroll of immolation {unknown}
 n - a scroll of teleportation {unknown}
Potions
 c - a potion of might


   Skills:
 + Level 3.5 Fighting
 + Level 2.6 Long Blades
 + Level 0.5 Throwing
 + Level 3.1 Dodging
 - Level 0.6 Stealth
 + Level 3.4 Shields
 * Level 0.8 Invocations


You had 2 spell levels left.
You didn't know any spells.
Your spell library contained the following spells:

 Spells                   Type           Power      Damage    Failure   Level
 Magic Dart               Conj           0%         1d3       43%         1
 Call Imp                 Summ           0%         N/A       56%         2
 Mephitic Cloud           Conj/Pois/Air  0%         N/A       80%         3


Dungeon Overview and Level Annotations

Branches:
Dungeon (3/15)

Altars:
Uskayaw

Annotations:
D:3 Natasha


Innate Abilities, Weirdness & Mutations

Your plain brown scales are hard. (AC +5)
You cannot fit into any form of body armour.
You are cold-blooded and may be slowed by cold attacks.


Message History

The white imp gestures at you. The puff of frost hits you! Natasha claws you.
You block the goblin's attack. The white imp puffs mist at you.
The white imp hits you but does no damage.
Natasha claws you but does no damage. The goblin hits you but does no damage.
You hit Natasha.
Natasha is moderately wounded.
The white imp hits you. The white imp freezes you.
Natasha casts a spell at you. The magic dart hits you.
* * * LOW HITPOINT WARNING * * *
The iron imp hits you but does no damage.
The goblin hits you but does no damage. The white imp gestures at you.
The puff of frost hits you.
* * * LOW HITPOINT WARNING * * *
Natasha barely misses you.
The iron imp hits you but does no damage.
The goblin hits you but does no damage.
It was a potion of invisibility.
You fade into invisibility!
Your transformation is almost over.
The white imp disappears in a puff of smoke!
Natasha claws you but does no damage.
The iron imp hits you but does no damage.
The goblin hits you but does no damage.
You are very lightly contaminated with residual magic.
It was a potion of cancellation.
Your magical effects are unravelling.
You feel magically purged.
Your magical contamination has completely faded away.
You feel less wooden.
Your +0 cloak unmelds from your body.
Your +0 pair of gloves unmelds from your body.
You feel yourself speed up.
You flicker back into view.
Natasha casts a spell at you. The magic dart hits you!
* * * LOW HITPOINT WARNING * * *
You block the goblin's attack. You block the iron imp's attack.
The endoplasm closely misses you. Natasha claws you.
You die...

...... . #..#.# ..
#..#.# .. #..#.#
.....###..#.#
...#........#
......##.#.## ###
>.#.....#.###...#..
.....##.....@h..(...
... ##...5gJ...... .
#........<...
#............
#...##........
.....##........
###...##.......<
#... #........


You could see an iron imp (summoned), Natasha, an endoplasm and a goblin.

Vanquished Creatures
  Robin (D:2)
  An adder (D:2)
  5 bats
  2 endoplasms
  2 giant cockroaches
  10 goblins (D:2)
  7 hobgoblins
  A kobold (D:2)
  A quokka (D:2)
  3 ball pythons
  2 frilled lizards (D:1)
  2 rats
37 creatures vanquished.

Notes
Turn   | Place    | Note
-------+----------+-------------------------------------------
     0 | D:1      | Lekart the Draconian Fighter began the quest for the Orb.
     0 | D:1      | Reached XP level 1. HP: 19/19 MP: 1/1
   140 | D:1      | Found a faded altar of an unknown god.
   145 | D:1      | Prayed at the altar of an unknown god.
   145 | D:1      | Became a worshipper of Uskayaw the Reveller
   145 | D:1      | Reached * piety under Uskayaw
   296 | D:1      | Reached ** piety under Uskayaw
   376 | D:1      | Reached XP level 2. HP: 25/26 MP: 2/2
   741 | D:2      | Noticed Robin
   757 | D:2      | Reached *** piety under Uskayaw
   759 | D:2      | Reached **** piety under Uskayaw
   763 | D:2      | Reached ***** piety under Uskayaw
   768 | D:2      | Killed Robin
   769 | D:2      | Reached XP level 3. HP: 7/31 MP: 3/3
  1559 | D:2      | You fall into a shaft and drop 1 floor!
  1566 | D:3      | Noticed Natasha
  1581 | D:3      | HP: 1/31 [Natasha/magic dart (7)]
  1581 | D:3      | Slain by Natasha

Illustrated notes

Levels and vault maps discovered:
D:1:      heliophobic_arrival_henge, layout_loops_ring,
          ebering_ecumenical_altar_webs
D:2:      layout_basic, uniq_robin
D:3:      gammafunk_wand_slinger, layout_rooms, serial_shops,
          nicolae_shop_trees, uniq_natasha

Skill      XL: |  1  2 |
---------------+-------+-----
Dodging        | 3 |  3.1
Fighting       | |  3.5
Long Blades    | |  2.6
Throwing       | |  0.5
Stealth        | |  0.6
Shields        | |  3.4
Invocations    | |  0.8

Action                   || total
-------------------------++-------
Melee: Long sword        ||   111
       Tailslap          ||     7
Throw: Dart              ||    21
Invok: Stomp             ||     1
  Use: Potion            ||     5
 Stab: Sleeping          ||     2
       Paralysed         ||     1
Armor: Skin              ||    67
Dodge: Dodged            ||    83
Block: Buckler           ||    35

Table legend: (Time is in decaauts)
 A = Elapsed time spent in this place.
 B = Non-inter-level travel time spent in this place.
 C = Inter-level travel time spent in this place.
 D = Time resting spent in this place.
 E = Time spent auto-exploring this place.
 F = Levels seen in this place.
 G = Mean time per level.
                   A        B        C        D        E       F      G
               +--------+--------+--------+--------+--------+-----+--------+
         Total |   1620 |   1535 |     85 |    315 |    908 |   3 |  540.0 |
       Dungeon |   1620 |   1535 |     85 |    315 |    908 |   3 |  540.0 |
               +--------+--------+--------+--------+--------+-----+--------+

Top non-repeatable levels by time:
     D:2: 894 daAuts
     D:1: 697 daAuts
     D:3: 28 daAuts
